 Dungeon Crawl Stone Soup version 0.21.1-1-g345015f (console) character file.

968 toffzen the Cudgeler (level 7, -2/62 HPs)
             Began as a Minotaur Wanderer on Apr 16, 2018.
             Slain by an ogre
             ... wielding a +0 giant club
              (27 damage)
             ... on level 6 of the Dungeon.
             The game lasted 00:16:08 (5655 turns).

toffzen the Cudgeler (Minotaur Wanderer)            Turns: 5655, Time: 00:16:09

Health: -2/62      AC:  8    Str: 15    XL:     7   Next: 93%
Magic:  6/6        EV: 12    Int: 11    God:
Gold:   190        SH:  0    Dex: 11    Spells: 6/6 levels left

rFire    . . .     SeeInvis .   a - +1 flail
rCold    . . .     Gourm    .   (no shield)
rNeg     . . .     Faith    .   i - +0 ring mail
rPois    .         Spirit   .   (helmet restricted)
rElec    .         Reflect  .   B - +1 cloak
rCorr    .         Harm     .   (no gloves)
MR       .....                  (no boots)
Stlth    +.........             (no amulet)
HPRegen  0.20/turn              (no ring)
MPRegen  0.10/turn              (no ring)

@: hasted, very quick
A: retaliatory headbutt, horns 2
a: no special abilities


You were on level 6 of the Dungeon.
You were not hungry.

You visited 1 branch of the dungeon, and saw 6 of its levels.

You collected 190 gold pieces.

Inventory:

Hand Weapons
 a - a +1 flail (weapon)
 b - a +2 shortbow
 c - a +0 hand crossbow
 s - a +0 hunting sling
Missiles
 d - 44 bolts
 g - 174 stones (quivered)
 k - 9 poisoned needles
 o - 33 sling bullets
 w - 142 arrows
Armour
 i - a +0 ring mail (worn)
 B - a +1 cloak (worn)
Jewellery
 v - a cursed -2 ring of intelligence {unknown}
 y - an uncursed amulet of magic regeneration {unknown}
 M - an uncursed ring of see invisible {unknown}
Wands
 G - a wand of enslavement (5)
 H - a wand of acid (3)
Scrolls
 e - a scroll of amnesia {unknown}
 h - a scroll of enchant armour
 j - 2 scrolls of blinking {unknown}
 m - 3 scrolls of teleportation {unknown}
 n - a scroll of magic mapping {unknown}
 t - 2 scrolls of enchant weapon
 x - a scroll of noise {unknown}
 F - a scroll of random uselessness {unknown}
 I - a scroll of fog {unknown}
Potions
 l - a potion of haste
 p - a potion of invisibility {unknown}
 q - 2 potions of degeneration {unknown}
 r - 3 potions of mutation
 u - 3 potions of curing
 z - 6 potions of lignification
 A - a potion of heal wounds {unknown}
 C - 2 potions of brilliance {unknown}
 D - a potion of ambrosia {unknown}
 J - a potion of flight {unknown}
Books
 K - a book of Necromancy

   Spells                             Type                      Level
   a - Pain                           Necromancy                   1
   b - Animate Skeleton               Necromancy                   1
   c - Vampiric Draining              Necromancy                   3
   d - Regeneration                   Charms/Necromancy            3
   e - Animate Dead                   Necromancy                   4
   f - Borgnjor's Vile Clutch         Necromancy/Earth             5
Comestibles
 f - 11 rations
 E - a chunk of flesh


   Skills:
 + Level 5.7 Fighting
 * Level 6.8 Maces & Flails
 - Level 1.1 Bows
 - Level 2.1 Crossbows
 - Level 1.0 Throwing
 + Level 6.4 Armour
 + Level 3.6 Dodging
   Level 1.2 Shields


You had 6 spell levels left.
You didn't know any spells.

Dungeon Overview and Level Annotations

Branches:
Dungeon (6/15)
 Temple: D:4-7

Altars:
Dithmenos
Hepliaklqana
Uskayaw
Zin

Shops:
D:4 }


Innate Abilities, Weirdness & Mutations

You reflexively headbutt those who attack you in melee.
You have a pair of horns on your head.


Message History

The ogre is moderately wounded.
You hit the ogre but do no damage.
The ogre is moderately wounded.
The ogre barely misses you.
You barely miss the ogre.
The ogre is moderately wounded.
The ogre barely misses you.
You barely miss the ogre. Your headbutt misses the ogre.
The ogre is moderately wounded.
The ogre hits you with a giant club!
You hit the ogre. You headbutt the ogre.
The ogre is heavily wounded.
The ogre hits you with a giant club!!
You hit the ogre.
The ogre is heavily wounded.
The ogre hits you with a giant club!
You barely miss the ogre.
The ogre is heavily wounded.
You feel yourself speed up. The ogre hits you with a giant club!!
You die...

.#....#...................
.รท....#....[..............
.#....#..................#
##....####'#.............#
##....##...#.............'
#..........#.............#
#..........#.............#
#..........#.............#
##....##...#....@..#######
#....######....O..#
#.........#....(..#
#.........#.!..(..#
#.........#....(..#
#+#########.......#
...##(### .... ...


You could see an ogre.

Vanquished Creatures
  A vampire (D:5)
  Eustachio (D:4)
  A phantom (D:4)
  A sky beast (D:5)
  A centaur (D:5)
  Blork the orc (D:4)
  A crimson imp (D:6)
  An orc priest (D:3)
  A hound (D:5)
  A bullfrog skeleton (D:5)
  Ijyb (D:4)
  Terence (D:3)
  An iguana (D:5)
  A worker ant (D:5)
  6 adders
  A shadow imp (D:4)
  5 worms
  2 dart slugs (D:1)
  5 leopard geckos
  7 orcs
  6 giant cockroaches
  6 goblins
  6 hobgoblins
  4 jackals
  7 kobolds
  2 ball pythons (D:1)
  4 bats
  6 frilled lizards
  6 rats
87 creatures vanquished.

Notes
Turn   | Place    | Note
-------+----------+-------------------------------------------
     0 | D:1      | toffzen the Minotaur Wanderer began the quest for the Orb.
     0 | D:1      | toffzen set off with: a +2 shortbow, 23 arrows, a +0 hand crossbow, 27 bolts, a +0 ring mail, a ration
     0 | D:1      | Reached XP level 1. HP: 16/16 MP: 0/0
    62 | D:1      | Reached skill level 5 in Armour
   182 | D:1      | Reached XP level 2. HP: 24/24 MP: 1/1
   201 | D:1      | Reached skill level 1 in Dodging
   450 | D:1      | Reached XP level 3. HP: 29/29 MP: 2/2
  1025 | D:2      | Found a glowing silver altar of Zin.
  1559 | D:2      | Reached XP level 4. HP: 34/37 MP: 3/3
  1847 | D:3      | Found a hide-covered altar of Uskayaw.
  1847 | D:3      | Found a shadowy altar of Dithmenos.
  2240 | D:3      | Reached skill level 1 in Maces & Flails
  2388 | D:3      | Reached XP level 5. HP: 43/45 MP: 4/4
  2420 | D:3      | Noticed Terence
  2437 | D:3      | Killed Terence
  3071 | D:4      | Noticed Eustachio
  3128 | D:4      | Killed Eustachio
  3128 | D:4      | Reached XP level 6. HP: 34/52 MP: 5/5
  3520 | D:4      | Noticed Blork the orc
  3533 | D:4      | Killed Blork the orc
  3635 | D:4      | Reached skill level 5 in Maces & Flails
  3750 | D:4      | Found Ocozoadd's Gadget Shop.
  3766 | D:4      | Noticed Ijyb
  3789 | D:4      | Killed Ijyb
  4218 | D:5      | Entered Level 5 of the Dungeon
  4253 | D:4      | Reached XP level 7. HP: 60/60 MP: 6/6
  4323 | D:5      | Reached skill level 5 in Fighting
  5093 | D:5      | Noticed a vampire
  5096 | D:5      | Killed a vampire
  5109 | D:5      | Found a hazy altar of Hepliaklqana.
  5655 | D:6      | Slain by an ogre

Skill      XL: |  1  2  3  4  5  6  7 |
---------------+----------------------+-----
Armour         | 5 6 |  6.4
Dodging        | 1 2 3 |  3.6
Fighting       | 2 3 4 5 |  5.7
Maces & Flails | 1 4 5 6 |  6.8
Bows           | |  1.1
Crossbows      | |  2.1
Throwing       | |  1.0
Shields        | |  1.2

Action                   |  1- 3 |  4- 6 |  7- 9 || total
-------------------------+-------+-------+-------++-------
Melee: Mace              |       |    35 |       ||    35
       Headbutt          |       |    17 |    10 ||    27
       Flail             |       |    89 |    65 ||   154
       Falchion          |       |     3 |       ||     3
 Fire: Shortbow          |   119 |     9 |       ||   128
Throw: Stone             |       |    31 |    22 ||    53
Evoke: Wand              |       |    19 |     4 ||    23
  Use: Scroll            |       |     6 |       ||     6
       Potion            |       |     2 |     2 ||     4
  Eat: Chunk             |     1 |     2 |     5 ||     8
       Ration            |     1 |     1 |       ||     2
Armor: Ring mail         |    16 |    41 |    27 ||    84
Dodge: Dodged            |    40 |    84 |    28 ||   152
